 Dungeon Crawl Stone Soup version 0.29.1-1-gd02db6906a (webtiles) character file.

Game seed: 325125535184874171

251 Ijustatesigmund the Trooper (level 6, -5/41 HPs)
             Began as a Gargoyle Fighter on Sept 22, 2022.
             Slain by Terence
             ... wielding a +4 mace of protection
              (9 damage)
             ... on level 3 of the Dungeon.
             The game lasted 00:04:59 (2594 turns).

Ijustatesigmund the Trooper (Gargoyle Fighter)      Turns: 2594, Time: 00:04:59

Health: -5/41      AC: 14    Str: 21    XL:     6   Next: 13%
Magic:  6/6        EV: 10    Int:  9    God:
Gold:   185        SH:  4    Dex:  9    Spells: 5/5 levels left

rFire   . . .      SeeInvis .   a - +0 flail (flame)
rCold   . . .      Faith    .   c - +0 buckler
rNeg    + + .      Spirit   .   b - +0 ring mail
rPois   ∞          Reflect  .   (no helmet)
rElec   +          Harm     .   (no cloak)
rCorr   .          Rampage  .   (no gloves)
Will    .....                   (no boots)
Stlth   ..........              (no amulet)
HPRegen 0.13/turn               f - +4 ring of protection
MPRegen 0.10/turn               m - ring of positive energy

@: mighty
A: sickness immunity, AC +4, negative energy resistance 1, electricity
resistance, torment resistance 1, petrification resistance
a: no special abilities


You were on level 3 of the Dungeon.
You visited 1 branch of the dungeon, and saw 3 of its levels.

You collected 185 gold pieces.

Inventory:

Hand Weapons
 a - a +0 flail of flaming (weapon)
Armour
 b - a +0 ring mail (worn)
 c - a +0 buckler (worn)
Jewellery
 f - a +4 ring of protection (left hand)
 m - a ring of positive energy (right hand)
Scrolls
 g - a scroll of acquirement {unknown}
 i - a scroll of silence {unknown}
 k - 2 scrolls of immolation {unknown}
 n - a scroll of identify {unknown}
 o - a scroll of teleportation {unknown}
 p - a scroll of noise {unknown}
 q - a scroll of torment {unknown}
 r - a scroll of fog {unknown}
Potions
 e - a potion of invisibility {unknown}
 j - 2 potions of curing {unknown}
 l - a potion of brilliance {unknown}


   Skills:
 + Level 5.6 Fighting
 + Level 4.6 Maces & Flails
 - Level 3.2 Armour
 - Level 3.2 Shields


You had 5 spell levels left.
You didn't know any spells.
Your spell library contained the following spells:

 Spells                   Type           Power      Damage    Failure   Level
 Blade Hands              Tmut           0%         N/A       100%        5
 Irradiate                Conj/Tmut      0%         3d11      100%        5
 Dragon Form              Tmut           0%         N/A       100%        7


Dungeon Overview and Level Annotations

Branches:
Dungeon (3/15)

Altars:
Okawaru

Shops:
D:3 :

Annotations:
D:3 Terence


Innate Abilities, Weirdness & Mutations

You are immune to sickness and miasma.
Your stone body is resilient. (AC +4)
You are immune to poison.
You resist negative energy. (rN+)
You are resistant to electric shocks. (rElec)
You are resistant to unholy torment.
You are immune to petrification.


Message History

You are too injured to fight recklessly!
You feel very mighty all of a sudden. The goblin hits you but does no damage.
You thump the goblin! You burn the goblin.
You kill the goblin!
You barely miss the hobgoblin. The hobgoblin barely misses you.
You closely miss the hobgoblin.
The hobgoblin hits you but does no damage.
You hit the hobgoblin. You burn the hobgoblin.
The hobgoblin is almost dead.
You block the hobgoblin's attack.
You sock the hobgoblin! You burn the hobgoblin.
You kill the hobgoblin!
Terence hits you but does no damage.
You closely miss Terence.
Terence is moderately wounded.
Terence barely misses you.
You barely miss Terence.
Terence is moderately wounded.
Terence closely misses you.
You closely miss Terence.
Terence is moderately wounded.
Terence barely misses you.
You closely miss Terence.
Terence is moderately wounded.
Terence hits you with a +4 mace of protection.
You hit Terence. You burn Terence.
Terence is severely wounded.
Terence hits you with a +4 mace of protection!
* * * LOW HITPOINT WARNING * * *
You barely miss Terence.
Terence is severely wounded.
Terence hits you with a +4 mace of protection.
* * * LOW HITPOINT WARNING * * *
Terence hits you with a +4 mace of protection.
* * * LOW HITPOINT WARNING * * *
You barely miss Terence.
Terence is severely wounded.
Terence hits you with a +4 mace of protection!
You die...

#### #... ###... ##.....
####### #..#... .......
####†#####
.......#########.........
.......@@........##.#####
.......######....##.#
....... ##......# #######
#....### #....# #...##
#...# ##### ####### #...#
#.... #.....# #...# #....


You could see Terence.

Vanquished Creatures
  Sigmund (D:3)
  3 adders
  4 dart slugs
  7 ball pythons
  8 bats
  An endoplasm (D:1)
  2 giant cockroaches
  8 goblins
  2 hobgoblins (D:3)
  9 jackals
  A quokka (D:1)
  7 kobolds
  4 rats
57 creatures vanquished.

Notes
Turn   | Place    | Note
-------+----------+-------------------------------------------
     0 | D:1      | Ijustatesigmund the Gargoyle Fighter began the quest for
                  | the Orb.
     0 | D:1      | Reached XP level 1. HP: 14/14 MP: 1/1
   151 | D:1      | Reached XP level 2. HP: 16/19 MP: 2/2
   923 | D:1      | Reached XP level 3. HP: 9/24 MP: 3/3
   925 | D:1      | Reached skill level 4 in Fighting
  1479 | D:3      | Reached XP level 4. HP: 8/30 MP: 4/4
  1929 | D:2      | Found an iron altar of Okawaru.
  2443 | D:3      | Noticed Sigmund
  2457 | D:3      | Killed Sigmund
  2458 | D:3      | Reached skill level 5 in Fighting
  2458 | D:3      | Reached XP level 5. HP: 33/36 MP: 5/5
  2458 | D:3      | Reached XP level 6. HP: 37/40 MP: 6/6
  2497 | D:3      | Found Nibut's Book Shop.
  2573 | D:3      | Noticed Terence
  2594 | D:3      | Slain by Terence

Illustrated notes

Levels and vault maps discovered:
D:1:      giann_wishing_wells, layout_basic
D:2:      layout_basic, basic_altar
D:3:      layout_rooms, nicolae_overflow_ecumenical_swirl, bloody_makhleb,
          overflow_temple_1_default, dreamdust_ecumenical_altar_grove,
          serial_shops, shop, minmay_misc_feat_roman,
          chequers_serial_rivers_micro_b, uniq_sigmund, uniq_terence

Skill      XL: |  1  2  3  4 |
---------------+-------------+-----
Fighting       | 4 5 |  5.6
Maces & Flails | 3 4 |  4.6
Armour         | |  3.2
Shields        | |  3.2

Action                   |  1- 3 |  4- 6 || total
-------------------------+-------+-------++-------
Melee: Flail             |   114 |    89 ||   203
  Use: Potion            |       |     2 ||     2
       Scroll            |       |     2 ||     2
Armor: Scale mail        |    16 |       ||    16
       Ring mail         |   106 |    65 ||   171
Dodge: Dodged            |   124 |    54 ||   178
Block: Buckler           |    40 |    18 ||    58
